 Dungeon Crawl Stone Soup version 0.28-a0-589-g333b8329f1 (webtiles) character file.

Game seed: 17782348330029424601

231 lawman0 the Poker (level 5, -5/47 HPs)
             Began as a Minotaur Cinder Acolyte on Oct 4, 2021.
             Was a High Priest of Ignis.
             Slain by a water moccasin (6 damage)
             ... on level 3 of the Dungeon.
             The game lasted 00:03:54 (2894 turns).

lawman0 the Poker (Minotaur Cinder Acolyte)         Turns: 2894, Time: 00:03:54

Health: -5/47      AC:  6    Str: 19    XL:     5   Next: 72%
Magic:  0/5        EV: 10    Int: 12    God:    Ignis [*****.]
Gold:   154        SH:  0    Dex:  5    Spells: 1/6 levels left

rFire   + . .      SeeInvis .   a - -1 spear (flame)
rCold   . . .      Faith    .   (no shield)
rNeg    . . .      Spirit   .   d - +0 ring mail
rPois   .          Reflect  .   (helmet restricted)
rElec   .          Harm     .   (no cloak)
rCorr   .          Rampage  .   j - +0 pair of gloves
Will    .....                   (no boots)
Stlth   ..........              (no amulet)
HPRegen 0.15/turn               (no ring)
MPRegen 0.09/turn               (no ring)

@: brilliant, lethally poisoned (-5 -> -28)
A: horns 2, retaliatory headbutt
a: Renounce Religion, Sea of Fire, Foxfire Swarm, Rising Flame


You were on level 3 of the Dungeon.
You worshipped Ignis.
Ignis was extremely pleased with you.
You visited 1 branch of the dungeon, and saw 3 of its levels.

You collected 154 gold pieces.

Inventory:

Hand Weapons
 a - a -1 spear of flaming (weapon)
Armour
 d - a +0 ring mail (worn)
 j - a +0 pair of gloves (worn)
Scrolls
 b - a scroll of holy word {unknown}
 c - 3 scrolls of identify {unknown}
 e - a scroll of amnesia {unknown}
 g - a scroll of acquirement {unknown}
 h - a scroll of magic mapping {unknown}
 i - 2 scrolls of noise {unknown}


   Skills:
 + Level 4.5 Fighting
 * Level 6.2 Polearms
 + Level 0.9 Armour
 + Level 2.0 Dodging
 + Level 0.6 Stealth
 + Level 1.0 Spellcasting
 + Level 2.4 Fire Magic


You had one spell level left.
You knew the following spells:

 Your Spells              Type           Power      Damage    Failure   Level
a - Scorch                Fire           18%        2d5       28%         2
b - Inner Flame           Hex/Fire       5%         N/A       67%         3

Your spell library contained the following spells:

 Spells                   Type           Power      Damage    Failure   Level
 Shock                    Conj/Air       0%         1d3       45%         1
 Gell's Gravitas          Tloc           0%         N/A       83%         3
 Lesser Beckoning         Tloc           0%         N/A       83%         3
 Swiftness                Air            0%         N/A       83%         3
 Teleport Other           Tloc           0%         N/A       83%         3
 Airstrike                Air            0%         N/A       99%         4
 Cause Fear               Hex            0%         N/A       99%         4
 Discord                  Hex            0%         N/A       100%        8


Dungeon Overview and Level Annotations

Branches:
Dungeon (3/15)

Altars:


Innate Abilities, Weirdness & Mutations

You have a pair of horns on your head.
You reflexively headbutt those who attack you in melee.


Message History

The water moccasin completely misses you.
You miss the water moccasin.
Your headbutt misses the water moccasin.
The water moccasin is moderately wounded.
The water moccasin closely misses you.
You closely miss the water moccasin.
The water moccasin is moderately wounded.
The water moccasin is no longer more vulnerable to fire.
The water moccasin bites you!
You are poisoned.
The water moccasin poisons you!
You barely miss the water moccasin.
Your headbutt misses the water moccasin.
The water moccasin is moderately wounded.
You feel very sick. The water moccasin bites you.
You are more poisoned.
The water moccasin poisons you!
You feel clever all of a sudden.
You feel very sick. The water moccasin bites you.
You barely miss the water moccasin.
Your headbutt misses the water moccasin.
The water moccasin is moderately wounded.
You feel very sick.
The water moccasin bites you but does no damage.
Unknown command.
Fires begin to smoulder around you!
You feel very sick. The water moccasin bites you.
* * * LOW HITPOINT WARNING * * *
You are lethally poisoned!
The water moccasin poisons you! The water moccasin bites you!
* * * LOW HITPOINT WARNING * * *
You miss the water moccasin. You headbutt the water moccasin!
The water moccasin is severely wounded.
* * * LOW HITPOINT WARNING * * *
You feel very sick. The water moccasin bites you.
You die...

#####.. ##§.......
........# #§§####...
........# #§##.[##..
.........# #§#/!..#..
..........# #§#....#..
..........# #g##$.####
..........# ##SB##'###.
.......<..######@#l###.'..
..............#§##gw.'###.
..........###§§§#.....#S##
..........# ###§#..($.#...
####...#######§#.:(??#...
### #......##.§§##.:.##..#
..####...#....§#.#####...#
#...........#.##........##
###...####....##.......#


You could see a water moccasin, a dart slug, a giant cockroach, 2 hobgoblins, a
ball python and a frilled lizard.

Vanquished Creatures
  A black bear (D:2)
  4 gnolls (D:3)
  3 adders
  An ufetubus (D:3)
  A worm (D:3)
  3 orcs (D:3)
  6 ball pythons
  6 endoplasms
  5 giant cockroaches
  4 goblins
  4 hobgoblins
  A jackal (D:3)
  3 quokkas
  5 bats
  4 frilled lizards
  7 kobolds
  4 rats
62 creatures vanquished.

Notes
Turn   | Place    | Note
-------+----------+-------------------------------------------
     0 | D:1      | lawman0 the Minotaur Cinder Acolyte began the quest for the
                  | Orb.
     0 | D:1      | Reached XP level 1. HP: 19/19 MP: 1/1
   174 | D:1      | Reached skill level 4 in Polearms
   198 | D:1      | Reached XP level 2. HP: 27/27 MP: 2/2
  1050 | D:2      | Reached XP level 3. HP: 33/33 MP: 3/3
  1108 | D:2      | Reached skill level 5 in Polearms
  1493 | D:2      | Reached skill level 1 in Dodging
  1543 | D:2      | Learned a level 2 spell: Scorch
  2142 | D:3      | Noticed a black bear
  2171 | D:3      | Reached XP level 4. HP: 40/40 MP: 1/4
  2284 | D:2      | Killed a black bear
  2285 | D:2      | Reached skill level 6 in Polearms
  2285 | D:2      | Reached XP level 5. HP: 27/47 MP: 5/5
  2678 | D:3      | Learned a level 3 spell: Inner Flame
  2863 | D:3      | Noticed a water moccasin
  2894 | D:3      | HP: 1/47 [poisoned by a water moccasin]
  2894 | D:3      | Slain by a water moccasin

Illustrated notes

Levels and vault maps discovered:
D:1:      amcnicky_arrival_underground_garden, layout_basic
D:2:      layout_rooms
D:3:      layout_rooms, ebering_ghost_inner_flame, minmay_joined_circles

Skill      XL: |  1  2  3  4  5 |
---------------+----------------+-----
Polearms       | 4 5 6 |  6.2
Dodging        | 1 2 |  2.0
Fighting       | 4 |  4.5
Armour         | |  0.9
Stealth        | |  0.6
Spellcasting   | |  1.0
Fire Magic     | |  2.4

Action                   |  1- 3 |  4- 6 || total
-------------------------+-------+-------++-------
Melee: Spear             |   117 |    81 ||   198
       Headbutt          |     9 |     7 ||    16
 Cast: Scorch            |     4 |     4 ||     8
Invok: Sea of Fire       |       |     1 ||     1
  Use: Potion            |     2 |     2 ||     4
Armor: Robe              |    11 |       ||    11
       Ring mail         |       |    25 ||    25
Dodge: Dodged            |    48 |    27 ||    75

Table legend: (Time is in decaauts)
 A = Elapsed time spent in this place.
 B = Non-inter-level travel time spent in this place.
 C = Inter-level travel time spent in this place.
 D = Time resting spent in this place.
 E = Time spent auto-exploring this place.
 F = Levels seen in this place.
 G = Mean time per level.
                   A        B        C        D        E       F      G
               +--------+--------+--------+--------+--------+-----+--------+
         Total |   2879 |   2834 |     45 |    707 |   1706 |   3 |  959.7 |
       Dungeon |   2879 |   2834 |     45 |    707 |   1706 |   3 |  959.7 |
               +--------+--------+--------+--------+--------+-----+--------+

Top non-repeatable levels by time:
     D:2: 1124 daAuts
     D:1: 919 daAuts
     D:3: 835 daAuts
